cohdb
Replays
Latest Replays
All Replays
Popular Replays
Top Player Replays
Match Explorer
How It Works
Community
CoH3 Stats
Reddit
Sign in to upload your games and track your stats! →
Sign in with Steam
Match 38091032
Unlisted
Match 38091032
Overview
Messages
Build Orders
End
Scout Squad
Scout Squad
Selects Airborne Battlegroup
Selects Pathfinders
Construct Weapon Support Center
M1919 Machine Gun Team
Infantry Support Center
M3 Armored Personnel Carrier
Selects Paratrooper Squad Paradrop
M3 Armored Personnel Carrier
Paratrooper Squad Paradrop
Engineer Squad
Paratrooper Squad Paradrop
Construct Tank Depot
Selects Recon Loiter
Selects Supply Drop
M18 Hellcat Tank Destroyer
Selects Anti-tank Gun Team Paradrop
Bazooka Squad
M4(105) Sherman Bulldozer
Selects Carpet Bombing Run
Selects Carpet Bombing Run
Carpet Bombing Run
Engineer Squad
M18 Hellcat Tank Destroyer
Improved M9 Bazooka Rockets
SalbeiBrücke
Miller
DaKii
Neuro
Dinks
Aprosarmosto
0
0
Comments
sign in to comment!
No comments posted yet!